 Dungeon Crawl Stone Soup version 0.29-a0-397-g846e4a0bbc (webtiles) character file.

Game seed: 2157507990680395089

146 McIrco the Covered (level 5, -2/47 HPs)
             Began as a Minotaur Fighter on May 11, 2022.
             Killed by divine providence
             ... invoked by an orc priest
              (12 damage)
             ... on level 4 of the Dungeon.
             The game lasted 00:05:15 (2921 turns).

McIrco the Covered (Minotaur Fighter)               Turns: 2921, Time: 00:05:18

Health: -2/47      AC: 12    Str: 24 (25) XL:     5   Next: 7%
Magic:  4/4        EV:  9    Int:  3 (5)  God:
Gold:   171        SH:  4    Dex:  9 (10) Spells: 4/4 levels left

rFire   + . .      SeeInvis .   a - +0 war axe
rCold   + . .      Faith    .   c - +0 buckler
rNeg    . . .      Spirit   .   b - +0 scale mail
rPois   +          Reflect  .   (helmet restricted)
rElec   +          Harm     .   (no cloak)
rCorr   +          Rampage  .   n - +0 pair of gloves {Str+3}
Will    .....                   (no boots)
Stlth   ..........              (no amulet)
HPRegen 0.15/turn               s - +4 ring of protection
MPRegen 0.09/turn               (no ring)

@: mighty, resistant, flying
A: horns 2, retaliatory headbutt
a: no special abilities


You were on level 4 of the Dungeon.
You visited 1 branch of the dungeon, and saw 4 of its levels.

You collected 171 gold pieces.

Inventory:

Hand Weapons
 a - a +0 war axe (weapon)
 g - a +2 falchion of electrocution
Missiles
 o - 11 boomerangs (quivered)
 x - 5 javelins
Armour
 b - a +0 scale mail (worn)
 c - a +0 buckler (worn)
 n - a +0 pair of gloves of strength (worn)
 p - a +0 plate armour
 z - a +0 tower shield
Jewellery
 s - a +4 ring of protection (left hand)
Wands
 y - a wand of iceblast (9)
Scrolls
 h - a scroll of vulnerability {unknown}
 i - a scroll of immolation {unknown}
 j - 3 scrolls of identify
 l - 3 scrolls of brand weapon
 t - a scroll of teleportation {unknown}
 v - a scroll of noise {unknown}
 w - a scroll of blinking {unknown}
Potions
 q - a potion of attraction {unknown}
 u - a potion of magic {unknown}
 A - a potion of heal wounds {unknown}


   Skills:
 + Level 4.9 Fighting
 - Level 2.4 Axes
 * Level 5.4 Armour
 * Level 4.5 Shields


You had 4 spell levels left.
You didn't know any spells.
Your spell library contained the following spells:

 Spells                   Type           Power      Damage    Failure   Level
 Summon Small Mammal      Summ           0%         N/A       88%         1
 Call Canine Familiar     Summ           0%         N/A       99%         3
 Summon Guardian Golem    Hex/Summ       0%         N/A       99%         3


Dungeon Overview and Level Annotations

Branches:
Dungeon (4/15)
 Temple: D:4-7

Altars:


Innate Abilities, Weirdness & Mutations

You have a pair of horns on your head.
You reflexively headbutt those who attack you in melee.


Message History

The orc wizard hits you with a +0 dagger.
* * * LOW HITPOINT WARNING * * *
The orc priest mumbles some strange prayers to Beogh against you.
Pain shoots through your body!
* * * LOW HITPOINT WARNING * * *
The orc wizard hits you but does no damage.
The orc wizard gestures at you while chanting.
The magic dart hits you but does no damage.
The orc wizard hits you but does no damage.
The orc priest hits you but does no damage.
Unknown command.
You feel better. The orc wizard completely misses you.
You block the orc priest's attack.
The orc wizard hits you but does no damage.
Okay, then.
Unknown command.
As you read the scroll labelled FEMEARAZYIRR, it crumbles to dust.
It is a scroll of identify.
l - 3 scrolls of brand weapon The orc wizard hits you but does no damage. x2
You block the orc priest's attack.
Unknown command.
The air fills with toxic fumes!
As you read the scroll labelled SIUNEN JUEJOXA, it crumbles to dust.
It was a scroll of poison.
The orc wizard hits you with a +0 dagger.
* * * LOW HITPOINT WARNING * * *
The orc priest calls upon Beogh to heal the orc wizard.
The orc wizard is healed somewhat.
The orc wizard gestures at you while chanting.
The puff of flame hits you but does no damage.
Unknown command.
Unknown command.
It was a potion of flight.
You feel very buoyant.
You fly up into the air.
The orc wizard hits you but does no damage.
The orc priest calls down the wrath of Beogh upon you.
Beogh smites you!
You die...

..... .....# . #≈≈# §§...§
..§#§##.. #≈≈# §...§ #.§§.§...
#≈### ...#.... § .§###§§#§§..
##≈#.. #......# #§##§§#§§§§.
#≈≈### #......### ##§#§§§§§§#
##≈≈# ........# #.§§§§§§§§##
##≈≈## ##........
...#§§§§§§§####≈≈≈# .#.....#.#
.#§@o§§§§§§.#.≈## .#....##.##
..#oo§§§§§§§...≈#
......##†.##.§§§§§§§§§#§#..##
......##...§§§§§§§#§§§§§...##
.........§§§§§§§§§#§§§§§....#
<....##..§#§§§§§§§§.§§§§....##
.....##...#§§§§§§§§..§§§.....#
.....##...§§§§§§§§§§.§§§....##
.....#...#................#.#


You could see an orc priest and 2 orc wizards.

Vanquished Creatures
  Ijyb (D:3)
  An adder (D:2)
  A gnoll (D:2)
  A worm (D:3)
  3 dart slugs
  8 ball pythons
  11 bats
  10 endoplasms
  6 giant cockroaches
  8 goblins
  13 hobgoblins
  4 jackals (D:3)
  4 kobolds
  2 quokkas
  3 frilled lizards (D:1)
  3 rats
79 creatures vanquished.

Notes
Turn   | Place    | Note
-------+----------+-------------------------------------------
     0 | D:1      | McIrco the Minotaur Fighter began the quest for the Orb.
     0 | D:1      | Reached XP level 1. HP: 19/19 MP: 0/0
   234 | D:1      | Found a faded altar of an unknown god.
   240 | D:1      | Reached XP level 2. HP: 27/27 MP: 1/1
   244 | D:1      | Reached skill level 4 in Armour
   990 | D:1      | Reached XP level 3. HP: 33/33 MP: 2/2
  1728 | D:2      | Reached XP level 4. HP: 41/41 MP: 3/3
  1948 | D:3      | Reached skill level 5 in Armour
  1967 | D:3      | Noticed Ijyb
  1974 | D:3      | Killed Ijyb
  2515 | D:3      | Reached XP level 5. HP: 47/47 MP: 4/4
  2921 | D:4      | Killed from afar by an orc priest

Illustrated notes

Levels and vault maps discovered:
D:1:      elethiomel_arrival_maze, layout_basic, ebering_ecumenical_altar_webs,
          minmay_misc_feat_nine_boxes, nicolae_concentric_dashed_squares_mild,
          st_stairs_6
D:2:      minmay_razor_zed, layout_rooms
D:3:      layout_loops_ring, uniq_ijyb
D:4:      layout_cave_pools, chequers_serial_rivers_large_b,
          minmay_crystal_room, uniq_blork_the_orc

Skill      XL: |  1  2  3  4 |
---------------+-------------+-----
Armour         | 4 5 |  5.4
Fighting       | 4 |  4.9
Shields        | 4 |  4.5
Axes           | |  2.4

Action                   |  1- 3 |  4- 6 || total
-------------------------+-------+-------++-------
Melee: War axe           |    92 |    61 ||   153
       Headbutt          |    13 |     7 ||    20
Throw: Boomerang         |       |     3 ||     3
  Use: Potion            |       |     8 ||     8
       Scroll            |       |     2 ||     2
Armor: Scale mail        |    46 |    59 ||   105
Dodge: Dodged            |    52 |    35 ||    87
Block: Buckler           |    12 |    22 ||    34

Table legend: (Time is in decaauts)
 A = Elapsed time spent in this place.
 B = Non-inter-level travel time spent in this place.
 C = Inter-level travel time spent in this place.
 D = Time resting spent in this place.
 E = Time spent auto-exploring this place.
 F = Levels seen in this place.
 G = Mean time per level.
                   A        B        C        D        E       F      G
               +--------+--------+--------+--------+--------+-----+--------+
         Total |   3033 |   2898 |    135 |      0 |   2429 |   4 |  758.2 |
       Dungeon |   3033 |   2898 |    135 |      0 |   2429 |   4 |  758.2 |
               +--------+--------+--------+--------+--------+-----+--------+

Top non-repeatable levels by time:
     D:1: 1170 daAuts
     D:3: 827 daAuts
     D:2: 812 daAuts
     D:4: 224 daAuts
